 Dungeon Crawl Stone Soup version 0.30-a0-1085-g990a428a5c (webtiles) character file.

Game seed: 885474623570535858

58 lesbiats the Ruffian (level 3, 0/36 HPs)
             Began as a Troll Fighter on Apr 17, 2023.
             Slain by Grinder (3 damage)
             ... on level 2 of the Dungeon.
             The game lasted 00:04:09 (1417 turns).

lesbiats the Ruffian (Troll Fighter)                Turns: 1417, Time: 00:04:10

Health: 0/36       AC:  4    Str: 24    XL:     3   Next: 75%
Magic:  2/2        EV:  8    Int:  6    God:
Gold:   97         SH:  7    Dex:  9    Spells: 2/2 levels left

rFire   . . .      SeeInvis .      - Unarmed
rCold   . . .      Faith    .    b - +0 kite shield
rNeg    . . .      Spirit   .    a - +0 robe
rPois   .          Reflect  .    (helmet restricted)
rElec   .          Rampage  .    (no cloak)
rCorr   +                        (gloves unavailable)
Will    .....                    (boots unavailable)
Stlth   +                        (no amulet)
HPRegen 1.06/turn                s - ring of resist corrosion
MPRegen 0.08/turn                (no ring)

@: no status effects
A: large, unfitting armour, claws 3, regeneration 1, shaggy fur 1, tough skin 1
a: no special abilities


You were on level 2 of the Dungeon.
You visited 1 branch of the dungeon, and saw 3 of its levels.

You collected 97 gold pieces.

Inventory:

Armour
 a - a +0 robe (worn)
 b - a +0 kite shield (worn)
Magical Staves
 q - the staff of death "Bami" {+Blink rN+ Will+++ Str+2 Int-3}
   (You found it on level 2 of the Dungeon)

   [staff of death]

   Base accuracy: +5 Base damage: 5 Base attack delay: 1.2 This weapon's minimum
   attack delay (0.6) is reached at skill level 12.
   Str:       It affects your strength (+2).
   Int:       It affects your intelligence (-3).
   rN:        It protects you from negative energy.
   +Blink:    It lets you blink.
   Will:      It greatly increases your willpower.
   It falls into the 'Staves' category.
   It is a one-clawed weapon.
Jewellery
 j - an amulet of faith
 s - a ring of resist corrosion (left claw)
Scrolls
 e - a scroll of amnesia {unknown}
 h - 2 scrolls of identify
 l - a scroll of poison {unknown}
 m - 2 scrolls of teleportation
 n - a scroll of magic mapping {unknown}
 o - a scroll of vulnerability {unknown}
Potions
 c - a potion of might
 d - 3 potions of heal wounds
 f - a potion of brilliance {unknown}
 g - 2 potions of attraction
 i - a potion of ambrosia {unknown}
 k - a potion of magic {unknown}
 p - a potion of mutation {unknown}
 r - a potion of haste {unknown}
 t - a potion of berserk rage {unknown}


   Skills:
 + Level 2.9 Fighting
 - Level 2.4 Dodging
 + Level 3.1 Shields
 * Level 3.2 Unarmed Combat


You had 2 spell levels left.
You didn't know any spells.
Your spell library contained the following spells:

 Spells                   Type           Power      Damage    Failure   Level
 Apportation              Tloc           0%         N/A       75%         1
 Necrotise                Necr           0%         1d4       75%         1
 Summon Small Mammal      Summ           0%         N/A       75%         1


Dungeon Overview and Level Annotations

Branches:
Dungeon (3/15)

Altars:

Annotations:
D:2 Grinder
D:3 3 runed translucent doors, Maxmaps's ghost, amateur DsMo


Innate Abilities, Weirdness & Mutations

You are too large for most types of armour.
You have claws for hands.
Your natural rate of healing is unusually fast.
You are covered in fur. (AC +1)
You have tough skin. (AC +1)


Message History

There is a stone staircase leading down here.
Search for what [Enter for "."]? .
You climb downwards.
There is a stone staircase leading up here.
There is an escape hatch in the floor here.
You see here a +0 club.
There is a stone staircase leading down here.
You climb downwards.
Level annotation: 3 runed translucent doors, Grinder; Maxmaps's ghost, amateur DsMo Grinder gestures at you.
You resist with significant effort.
There is a stone staircase leading up here.
Grinder hits you.
You climb upwards.
There is a stone staircase leading down here.
You claw Grinder!
Grinder is moderately wounded.
Grinder hits you!
You barely miss Grinder.
Grinder is moderately wounded.
Grinder hits you.
You writhe in agony.
You closely miss Grinder.
Grinder is moderately wounded.
Grinder says, "Don't move a muscle."
Grinder hits you.
You writhe in agony.
You claw Grinder!
Grinder is heavily wounded.
Grinder barely misses you.
You scratch Grinder.
Grinder is severely wounded.
Grinder hits you!
* * * LOW HITPOINT WARNING * * *
You writhe in agony.
* * * LOW HITPOINT WARNING * * *
You scratch Grinder but do no damage.
Grinder is severely wounded.
Grinder hits you.
* * * LOW HITPOINT WARNING * * *
You writhe in agony.
You die...

.....................###
.......................####
...<#...............#.....#
...##.....>.........#.....#
.#..................#.....#
..........................#
#.....#............##.....#
....÷........#####)#......#
..÷.÷.##.##.###.@5........#
............###.##.########
..........###...##.##
........#####.####..#
..............# ##.#
.......##.....# #.#
.###..###.....# #.#
.##..####.....# #.#
..#.###÷......# #.##


You could see Grinder.

Vanquished Creatures
  A dart slug (D:2)
  3 bats
  2 endoplasms
  3 giant cockroaches (D:3)
  3 goblins
  8 hobgoblins
  4 jackals (D:2)
  7 kobolds
  3 quokkas (D:1)
  3 ball pythons (D:2)
  4 frilled lizards
  9 rats
50 creatures vanquished.

Vanquished Creatures (others)
  12 plants (D:1)
12 creatures vanquished.

Grand Total: 62 creatures vanquished

Notes
Turn   | Place    | Note
-------+----------+-------------------------------------------
     0 | D:1      | lesbiats the Troll Fighter began the quest for the Orb.
     0 | D:1      | Reached XP level 1. HP: 22/22 MP: 0/0
   249 | D:1      | Reached XP level 2. HP: 28/29 MP: 1/1
   766 | D:2      | Reached XP level 3. HP: 36/36 MP: 2/2
   782 | D:2      | You fall into a shaft and drop 1 floor!
   829 | D:3      | Found a faded altar of an unknown god.
   861 | D:3      | Noticed Grinder
   861 | D:3      | Paralysed by Grinder for 5 turns
   932 | D:3      | Found a runed translucent gate.
   932 | D:3      | Found a runed translucent gate.
   932 | D:3      | Found a runed translucent gate.
   933 | D:3      | Noticed Maxmaps's ghost (amateur DsMo)
  1100 | D:2      | Identified the staff of death "Bami" {+Blink rN+ Will+++
                  | Str+2 Int-3}
  1417 | D:2      | Slain by Grinder

Illustrated notes

Levels and vault maps discovered:
D:1:      minmay_arrival_open_corners, layout_loops_ring,
          lexackson_kobold_supper
D:2:      layout_rooms
D:3:      layout_rooms, mainiacjoe_overflow_surrounded_room,
          hellmonk_ecumenical_altar_run_dry, gammafunk_ghost_split, uniq_grinder

Skill      XL: |  1  2  3 |
---------------+----------+-----
Shields        | 3 |  3.1
Unarmed Combat | 3 |  3.2
Fighting       | |  2.9
Dodging        | |  2.4

Action                     || total
---------------------------++-------
  Melee: Unarmed           ||   161
    Use: Scroll            ||     3
   Stab: Sleeping          ||     1
 Armour: Robe              ||    37
  Dodge: Dodged            ||    38
  Block: Kite shield       ||    46

Table legend: (Time is in decaauts)
 A = Elapsed time spent in this place.
 B = Non-inter-level travel time spent in this place.
 C = Inter-level travel time spent in this place.
 D = Time resting spent in this place.
 E = Time spent auto-exploring this place.
 F = Levels seen in this place.
 G = Mean time per level.
                   A        B        C        D        E       F      G
               +--------+--------+--------+--------+--------+-----+--------+
         Total |   1433 |   1359 |     74 |      0 |    865 |   3 |  477.7 |
       Dungeon |   1433 |   1359 |     74 |      0 |    865 |   3 |  477.7 |
               +--------+--------+--------+--------+--------+-----+--------+

Top non-repeatable levels by time:
     D:1: 766 daAuts
     D:2: 507 daAuts
     D:3: 159 daAuts
